 Dungeon Crawl Stone Soup version 0.30-b1-2-g02819fbbbe (webtiles) character file.

Game seed: 8819249413061296075

58 MajorAdolf the Sneak (level 4, 0/38 HPs)
             Began as a Naga Wanderer on Nov 8, 2023.
             Slain by a quokka zombie (2 damage)
             ... on level 2 of the Dungeon.
             The game lasted 00:02:47 (1268 turns).

MajorAdolf the Sneak (Naga Wanderer)                Turns: 1268, Time: 00:02:48

Health: 0/38       AC:  1    Str: 17    XL:     4   Next: 2%
Magic:  4/4        EV:  9    Int: 12    God:
Gold:   45         SH:  0    Dex: 10    Spells: 3/3 levels left

rFire   . . .        f - +1 short sword (venom)
rCold   . . .        (no shield)
rNeg    . . .        (no body armour)
rPois   +            (no helmet)
rElec   .            (no cloak)
rCorr   .            (no gloves)
SInv    +            (no barding)
Will    .....        (no amulet)
Stlth   ++           (no ring)
HPRegen 0.26/turn    (no ring)
MPRegen 0.09/turn

%: no passive effects
@: very slow
A: AC +1, large, see invisible, deformed body, poison resistance, slowness 2,
spit poison 1, naga tail 1
a: Spit Poison


You were on level 2 of the Dungeon.
You visited 1 branch of the dungeon, and saw 2 of its levels.

You collected 45 gold pieces.

Inventory:

Hand Weapons
 a - a +0 dagger
 f - a +1 short sword of venom (weapon)
Missiles
 c - 13 poisoned darts (quivered)
Jewellery
 h - a ring of ice
Scrolls
 b - a scroll of fog
 d - a scroll of identify {unknown}
 e - a scroll of silence
 i - a scroll of enchant weapon {unknown}
Potions
 g - a potion of curing {unknown}


   Skills:
 - Level 1.0 Fighting
 - Level 2.6 Throwing
 - Level 3.2 Armour
 + Level 4.5 Stealth
 - Level 1.0 Unarmed Combat
 + Level 1.0 Conjurations
 + Level 1.1 Air Magic
 + Level 1.5 Poison Magic


You had 3 spell levels left.
You didn't know any spells.
Your spell library contained the following spells:

 Spells                   Type           Power      Damage    Failure   Level
 Magic Dart               Conj           8%         1d3       22%         1
 Call Imp                 Summ           0%         N/A       45%         2
 Mephitic Cloud           Conj/Pois/Air  2%         N/A       52%         3


Dungeon Overview and Level Annotations

Branches:
Dungeon (2/15)

Altars:
Sif Muna


Innate Abilities, Weirdness & Mutations

Your serpentine skin is tough. (AC +1)
You have supernaturally acute eyesight. (SInv)
Armour fits poorly on your strangely shaped body.
Your system is resistant to poisons. (rPois)
You cover ground very slowly.
You can spit poison.
You have a snake-like lower body.


Message History

The goblin shouts!
You hit the adder skeleton.
The adder skeleton is severely damaged.
The adder skeleton bites you but does no damage.
You hit the adder skeleton.
The adder skeleton is almost destroyed.
The adder skeleton closely misses you.
You closely miss the adder skeleton.
The adder skeleton is almost destroyed.
The adder skeleton bites you. The adder skeleton closely misses you.
You hit the adder skeleton.
The adder skeleton is almost destroyed.
A quokka zombie comes into view.
The adder skeleton completely misses you.
You hit the adder skeleton but do no damage.
The adder skeleton is almost destroyed.
The adder skeleton bites you.
You closely miss the adder skeleton.
The adder skeleton is almost destroyed.
The adder skeleton bites you.
You hit the adder skeleton.
You destroy the adder skeleton!
The goblin hits you with a +0 club.
* * * LOW HITPOINT WARNING * * *
You have reached level 4!
You feel agile.
You closely miss the goblin. The goblin hits you with a +0 club.
* * * LOW HITPOINT WARNING * * *
You closely miss the goblin. The goblin hits you with a +0 club.
* * * LOW HITPOINT WARNING * * *
Unknown command.
You barely miss the goblin. The goblin closely misses you.
You closely miss the goblin. The goblin misses you.
The quokka zombie barely misses you.
Unknown command.
You hit the goblin but do no damage.
The goblin is poisoned.
The goblin hits you with a +0 club.
* * * LOW HITPOINT WARNING * * *
The quokka zombie bites you.
You die...

......##..##
...).......##
####..†.....##
#.........##########.
#......(#............
#.......##..........#
#.......##...........
#....†..###.........>
#.......###).@g.....#
#.........#...Z.....#
#######)..#.........#
#...###########
######...#
#####...##.[.#
........~.P..#
......P.~.~..#
.......~~~~.##


You could see a quokka zombie and a goblin (very poisoned).

Vanquished Creatures
  Terence (D:2)
  An adder skeleton (D:2)
  2 dart slugs (D:2)
  4 goblins
  3 hobgoblins
  3 jackals (D:1)
  2 quokkas
  A ball python (D:1)
  A bat (D:2)
  2 giant cockroach zombies (D:2)
  3 kobolds
  A quokka zombie (D:2)
24 creatures vanquished.

Vanquished Creatures (others)
  2 withered plants (D:2)
2 creatures vanquished.

Grand Total: 26 creatures vanquished

Notes
Turn   | Place    | Note
-------+----------+-------------------------------------------
     0 | D:1      | MajorAdolf the Naga Wanderer began the quest for the Orb.
     0 | D:1      | MajorAdolf set off with the following items: a +0 dagger, a
                  | scroll of fog, 11 poisoned darts, a +2 scale mail, a scroll
                  | of silence.
     0 | D:1      | Reached XP level 1. HP: 18/18 MP: 1/1
     0 | D:1      | Noticed an ice dragon
     2 | D:1      | Noticed an orb of fire
     2 | D:1      | Noticed a tentacled monstrosity
     4 | D:1      | Noticed a large abomination
     6 | D:1      | Noticed a golden dragon
     8 | D:1      | Noticed an iron dragon
     9 | D:1      | Noticed an orb of fire
    13 | D:1      | Noticed a green draconian
    13 | D:1      | Noticed a large abomination
    15 | D:1      | Noticed a red draconian
    15 | D:1      | Noticed an iron dragon
    17 | D:1      | Noticed a shadow dragon
    19 | D:1      | Noticed an orb of fire
    19 | D:1      | Noticed a shadow dragon
    21 | D:1      | Noticed a tentacled monstrosity
    57 | D:1      | Reached skill level 2 in Stealth
   348 | D:1      | Reached skill level 3 in Stealth
   348 | D:1      | Reached XP level 2. HP: 25/25 MP: 2/2
   923 | D:2      | Reached skill level 4 in Stealth
  1004 | D:2      | Noticed Terence
  1025 | D:2      | Killed Terence
  1026 | D:2      | Reached skill level 1 in Poison Magic
  1026 | D:2      | Reached XP level 3. HP: 25/31 MP: 3/3
  1096 | D:2      | Reached skill level 1 in Conjurations
  1096 | D:2      | Found a shimmering blue altar of Sif Muna.
  1113 | D:2      | Reached skill level 1 in Air Magic
  1264 | D:2      | Reached XP level 4. HP: 12/38 MP: 4/4
  1268 | D:2      | Slain by a quokka zombie

Illustrated notes

Levels and vault maps discovered:
D:1:      shiori_arrival_whats_in_store_for_you, layout_loops_ring
D:2:      layout_basic, basic_altar, serial_undead, serial_undead_e,
          serial_undead_f, serial_undead_f, serial_undead_f, serial_undead_d,
          serial_undead_d, serial_undead_d, uniq_terence

Skill      XL: |  1  2  3 |
---------------+----------+-----
Stealth        | 3 4 |  4.5
Poison Magic   | 1 |  1.5
Conjurations   | 1 |  1.0
Air Magic      | 1 |  1.1
Fighting       | |  1.0
Throwing       | |  2.6
Armour         | |  3.2
Unarmed Combat | |  1.0

Action                     |  1- 3 |  4- 6 || total
---------------------------+-------+-------++-------
  Melee: Dagger            |    25 |       ||    25
         Short sword       |    33 |     5 ||    38
  Throw: Dart              |     5 |       ||     5
Ability: Spit Poison       |    21 |       ||    21
    Use: Potion            |     2 |       ||     2
 Armour: Skin              |     4 |       ||     4
  Dodge: Dodged            |    36 |     3 ||    39
